 Dungeon Crawl Stone Soup version 0.25.0-1-g7eea58d (webtiles) character file.

Game seed: 8958174952704648078

249 Doppledale the Skirmisher (level 6, -3/52 HPs)
             Began as a Formicid Fighter on June 14, 2020.
             Killed from afar by Natasha (8 damage)
             ... with a magic dart
             ... on level 3 of the Dungeon.
             The game lasted 00:07:29 (2120 turns).

Doppledale the Skirmisher (Formicid Fighter)        Turns: 2120, Time: 00:07:29

Health: -3/52      AC:  6    Str: 22    XL:     6   Next: 34%
Magic:  2/2        EV:  9    Int:  8    God:
Gold:   125        SH:  9    Dex: 10    Spells: 5/5 levels left

rFire    . . .     SeeInvis +   i - +2 short sword (antimagic)
rCold    . . .     Gourm    .   c - +0 kite shield
rNeg     . . .     Faith    +   b - +0 scale mail
rPois    .         Spirit   .   (helmet unavailable)
rElec    .         Reflect  .   (no cloak)
rCorr    .         Harm     .   (no gloves)
MR       .....                  (no boots)
Stlth    ..........             j - amulet of faith
HPRegen  0.17/turn              (no ring)
MPRegen  0.08/turn              (no ring)

@: lethally poisoned (-3 -> -5)
A: permanent stasis, dig shafts and tunnels, four strong arms, antennae 3
a: Dig, Shaft Self


You were on level 3 of the Dungeon.
You were not hungry.

You visited 1 branch of the dungeon, and saw 3 of its levels.

You collected 125 gold pieces.

Inventory:

Hand Weapons
 a - a +0 war axe
 i - a +2 antimagic short sword (weapon)
Armour
 b - a +0 scale mail (worn)
 c - a +0 kite shield (worn)
Jewellery
 j - an amulet of faith (around neck)
 r - an uncursed ring of resist corrosion {unknown}
Wands
 h - a wand of polymorph (5)
Scrolls
 g - 2 scrolls of enchant weapon {unknown}
 k - a scroll of identify {unknown}
 m - 2 scrolls of remove curse {unknown}
 p - a scroll of teleportation {unknown}
Potions
 d - a potion of might
 e - a potion of haste {unknown}
 l - 3 potions of curing {unknown}
 n - a potion of flight {unknown}
 o - a potion of degeneration
 q - a potion of heal wounds {unknown}
Comestibles
 f - 7 rations


   Skills:
 * Level 5.7 Fighting
 - Level 2.0 Axes
 - Level 3.5 Armour
 * Level 2.8 Dodging
 + Level 1.2 Stealth
 - Level 3.9 Shields


You had 5 spell levels left.
You didn't know any spells.
Your spell library was empty.

Dungeon Overview and Level Annotations

Branches:
Dungeon (3/15)

Altars:

Annotations:
D:3 Natasha


Innate Abilities, Weirdness & Mutations

You cannot be hasted, slowed, berserked, paralysed or teleported.
You can dig through walls and to a lower floor.
Your four strong arms can wield two-handed weapons with a shield.
You have a pair of large antennae on your head. (SInv)


Message History

Pain shoots through your body! The crimson imp closely misses you.
You are too injured to fight recklessly!
You are too injured to fight recklessly!
You are too injured to fight recklessly!
You hit the crimson imp but do no damage.
Natasha claws you! The crimson imp hits you.
You block the crimson imp's attack. The shadow imp hits you.
* * * LOW HITPOINT WARNING * * *
You hit the crimson imp.
The crimson imp's magic leaks into the air.
The crimson imp is lightly wounded.
Natasha claws you but does no damage. The crimson imp hits you.
* * * LOW HITPOINT WARNING * * *
The crimson imp hits you.
* * * LOW HITPOINT WARNING * * *
The shadow imp hits you.
* * * LOW HITPOINT WARNING * * *
Natasha casts a spell at you. The magic dart hits you!
You die...

.. ... # . #. #.#
# ..##.##.###
..........#.#....
..........#.#...
######
..........#.#..
......
......55.......
......
......h@..#?.#
.....
##....5...#..# {
.....
#........#..#####
####
#####....)......#
####
##.####.###.#
#.## #.#
#.###.####... .$#
#............
####
#####.####...
#........


You could see Natasha, 2 crimson imps and a shadow imp (summoned).

Vanquished Creatures
  Sigmund (D:3)
  A bullfrog skeleton (D:2)
  An adder (D:2)
  3 dart slugs
  2 leopard geckos
  A giant cockroach (D:3)
  5 goblins
  6 hobgoblins
  4 jackals
  4 bats
  3 frilled lizards
  8 kobolds
  8 rats
47 creatures vanquished.

Notes
Turn   | Place    | Note
-------+----------+-------------------------------------------
     0 | D:1      | Doppledale the Formicid Fighter began the quest for the
                  | Orb.
     0 | D:1      | Reached XP level 1. HP: 18/18 MP: 1/1
    36 | D:1      | Reached XP level 2. HP: 15/24 MP: 2/2
   591 | D:1      | Reached XP level 3. HP: 30/30 MP: 1/3
   905 | D:2      | Reached skill level 4 in Fighting
  1268 | D:2      | Reached skill level 1 in Dodging
  1268 | D:2      | Reached XP level 4. HP: 23/38 MP: 1/4
  2101 | D:3      | Noticed Sigmund
  2105 | D:3      | Noticed Natasha
  2113 | D:3      | Killed Sigmund
  2113 | D:3      | Reached skill level 5 in Fighting
  2113 | D:3      | Reached skill level 1 in Stealth
  2113 | D:3      | Reached XP level 5. HP: 39/46 MP: 1/5
  2113 | D:3      | Reached XP level 6. HP: 44/52 MP: 2/6
  2120 | D:3      | Killed from afar by Natasha

Illustrated notes

Levels and vault maps discovered:
D:1:      lightli_arrival_maybe_door_vault, layout_rooms,
          hangedman_decor_growths
D:2:      layout_loops_corners, first_ration
D:3:      layout_basic, trog_wizard, uniq_sigmund, uniq_ijyb, uniq_natasha

Skill      XL: |  1  2  3  4 |
---------------+-------------+-----
Fighting       | 4 5 |  5.7
Dodging        | 1 2 |  2.8
Stealth        | 1 |  1.2
Axes           | |  2.0
Armour         | |  3.5
Shields        | |  3.9

Action                   |  1- 3 |  4- 6 || total
-------------------------+-------+-------++-------
Melee: War axe           |     6 |       ||     6
       Short sword       |    93 |    64 ||   157
  Use: Potion            |       |     1 ||     1
  Eat: Chunk             |     1 |     3 ||     4
Armor: Scale mail        |    29 |    33 ||    62
Dodge: Dodged            |    18 |    20 ||    38
Block: Kite shield       |    48 |    32 ||    80
